 Dungeon Crawl Stone Soup version 0.30-a0-347-gf58ed5266c (webtiles) character file.

Game seed: 4523689772326925211

4 mcwallace the Caller (level 1, 0/9 HPs)
             Began as a Vine Stalker Summoner on Nov 6, 2022.
             Succumbed to a kobold's poison
             ... on level 1 of the Dungeon.
             The game lasted 00:01:08 (384 turns).

mcwallace the Caller (Vine Stalker Summoner)         Turns: 384, Time: 00:01:08

Health: 0/9        AC:  2    Str: 10    XL:     1   Next: 70%
Magic:  3/4        EV: 12    Int: 15    God:
Gold:   48         SH:  0    Dex: 14    Spells: 3/4 levels left

rFire   . . .      SeeInvis .    g - +0 club {mace}
rCold   . . .      Faith    .    (no shield)
rNeg    . . .      Spirit   +    a - +0 robe
rPois   .          Reflect  .    (no helmet)
rElec   .          Harm     .    (no cloak)
rCorr   .          Rampage  .    (no gloves)
Will    .....                    (no boots)
Stlth   ++........               h - amulet of magic regeneration {@e2}
HPRegen 0.21/turn                (no ring)
MPRegen 0.49/turn                (no ring)

@: lethally poisoned (0 -> -9)
A: fangs 2, magic shield, antimagic bite, no potion heal 2
a: no special abilities


You were on level 1 of the Dungeon.
You visited 1 branch of the dungeon, and saw 1 of its levels.

You collected 48 gold pieces.


Innate Abilities, Weirdness & Mutations

You have extremely sharp teeth.
When hurt, damage is shared between your health and your magic reserves.
Your bite disrupts and absorbs the magic of your enemies.
Potions cannot restore your health.


   Skills:
 + Level 0.3 Fighting
 + Level 1.6 Dodging
 - Level 2.4 Stealth
 + Level 2.3 Spellcasting
 + Level 4.0 Summonings


You had 3 spell levels left.
You knew the following spells:

 Your Spells              Type           Power      Damage    Failure   Level
a - Summon Small Mammal   Summ           52%        N/A       4%          1

Your spell library contained the following spells:

 Spells                   Type           Power      Damage    Failure   Level
 Call Imp                 Summ           13%        N/A       6%          2
 Call Canine Familiar     Summ           13%        N/A       12%         3
 Summon Guardian Golem    Hex/Summ       7%         N/A       28%         3
 Summon Lightning Spire   Summ/Air       7%         N/A       67%         4

Inventory:

Hand Weapons
 g - a +0 club (weapon) {mace}
   (You found it on level 1 of the Dungeon)
Missiles
 f - 9 stones {throwing}
Armour
 a - a +0 robe (worn)
Jewellery
 h - an amulet of magic regeneration (around neck) {@e2}
   (You found it on level 1 of the Dungeon)
Scrolls
 c - 3 scrolls of identify {unknown}
Potions
 b - a potion of magic
 d - a potion of ambrosia {unknown}
 e - a potion of might {unknown}

Dungeon Overview and Level Annotations

Branches:
Dungeon (1/15) Zot: 5615

Altars:

#. ######.
.......
...$... ...
....... #...
.......####
....
........rK##
....
########.#.#
..#
#@#.##+##
..#
#.#.#...#
..#
#.#.#...#
..#
#.#.#.≈.#
..#
#.#.#.≈.#
...#
#.###.≈.#
+++# #.#
#...# #.#
#...# #.#
##†##


You could see a kobold and a friendly rat (summoned).


Message History

Really attack while wielding nothing? [Y]es or [N]o only, please.
Really attack while wielding nothing? [Y]es or [N]o only, please.
Really attack while wielding nothing? [Y]es or [N]o only, please.
Really attack while wielding nothing? [Y]es or [N]o only, please.
Really attack while wielding nothing? [Y]es or [N]o only, please.
Really attack while wielding nothing?
Okay, then.
Really attack while wielding nothing? [Y]es or [N]o only, please.
Really attack while wielding nothing? [Y]es or [N]o only, please.
Really attack while wielding nothing?
Okay, then.
Unknown command.
Casting: Summon Small Mammal (safe; 4% risk of failure)
Press: ? - help, Q - select action, (/) - cycle Dir - look around, f - activate The ball python misses you. x3
The ball python grabs you.
The ball python constricts you. 😕 HP[-1] MP[-1]
You take 1 damage, and now have 8/9 hp.
You lost 1 mp, and now have 3/4 mp.
Really attack while wielding nothing? [Y]es or [N]o only, please.
Really attack while wielding nothing?
Okay, then.
Really attack while wielding nothing?
You hit the ball python but do no damage.
Your quokka closely misses the ball python.
The ball python barely misses you.
The ball python constricts you. 😕 MP[-1]
You lost 1 mp, and now have 2/4 mp.
You closely miss the ball python.
Your quokka closely misses the ball python.
The ball python closely misses you. The ball python constricts you.
You hit the ball python.
You bite the ball python, but do no damage.
Your quokka misses the ball python. The ball python bites you.
The ball python constricts you. 😮 HP[-2]
You take 2 damage, and now have 6/9 hp.
MASSIVE DAMAGE!! (PAUSE)
You hit the ball python but do no damage.
Your quokka bites the ball python.
The ball python dies!
There is an open door here.
You see here a ball python corpse. 😕 HP[+1]
g - a +0 club (weapon)
{mace} You start putting on your amulet.
You continue putting on your amulet of magic regeneration {@e2}. x5
You finish putting on your amulet of magic regeneration {@e2}.
The amulet cannot attune itself to your exhausted body.
h - an amulet of magic regeneration (around neck) {@e2} 😕 HP[+1] MP[+1]
Your amulet attunes itself to your body and you begin to regenerate magic more quickly.
You swap places.
There is an open door here.
You see here a ball python corpse.
Your quokka disappears in a puff of smoke!
A kobold comes into view.
It is wielding a +2 short sword of venom. 😎 HP[+1] MP[+1]
Your hp is fully restored (9).
Your mp is fully restored (4).
Casting: Summon Small Mammal (safe; 4% risk of failure)
Press: ? - help, Q - select action, (/) - cycle Dir - look around, f - activate 😎 MP[-1]
You lost 1 mp, and now have 3/4 mp.
Casting: Summon Small Mammal (safe; 4% risk of failure)
Press: ? - help, Q - select action, (/) - cycle Dir - look around, f - activate You swap places. 😎 MP[+1]
Your mp is fully restored (4).
You swap places.
You swap places.
Your quokka misses the kobold.
The kobold hits your quokka with a +2 short sword of venom.
Your quokka is poisoned.
Your quokka completely misses the kobold.
The kobold closely misses your quokka.
Your quokka closely misses the kobold.
Your quokka dies!
Your quokka's corpse disappears in a puff of smoke!
The kobold barely misses you.
You hit the kobold. Your bite misses the kobold. The kobold closely misses you.
You closely miss the kobold. Your bite misses the kobold.
The kobold hits you with a +2 short sword of venom.
You are lethally poisoned!
The kobold barely misses you. 😮 HP[-3] MP[-1]
You take 3 damage, and now have 6/9 hp.
MASSIVE DAMAGE!! (PAUSE)
You lost 1 mp, and now have 3/4 mp.
* * * LOW HITPOINT WARNING * * *
You feel very sick. 😨 HP[-3]
You take 3 damage, and now have 3/9 hp.
MASSIVE DAMAGE!! (PAUSE)
You die...

Action                   || total
-------------------------++-------
Melee: Unarmed           ||    20
       Bite              ||     7
       Club              ||     2
 Cast: Summon Small Mamm ||    11
 Stab: Distracted        ||     1
Armor: Robe              ||     4
Dodge: Dodged            ||    16

Levels and vault maps discovered:
D:1:      lemuel_arrival_funnel, layout_basic,
          hellmonk_ecumenical_altar_heavens_door, minmay_crystal_water,
          grunt_decor_clamped, st_stairs_4

Notes
Turn   | Place    | Note
-------+----------+-------------------------------------------
     0 | D:1      | mcwallace the Vine Stalker Summoner began the quest for the
                  | Orb.
     0 | D:1      | Reached XP level 1. HP: 9/9 MP: 4/4
     0 | D:1      | magus.rc [v1.9.6]
   169 | D:1      | HP: 2/9 [quokka (3)]
   176 | D:1      | HP: 2/9 [quokka (1)]
   384 | D:1      | Succumbed to a kobold's poison

Vanquished Creatures
  A giant cockroach (D:1)
  A quokka (D:1)
  2 rats (D:1)
4 creatures vanquished.

Vanquished Creatures (collateral kills)
  A ball python (D:1)
1 creature vanquished.

Grand Total: 5 creatures vanquished

Table legend:
 A = Non-vault XP
 B = Vault XP
 C = Vault XP percentage of total XP
 D = Non-vault monster count
 E = Vault monster count
 F = Vault count percentage of total count
                 A         B        C        D         E       F
            +---------+---------+-------+---------+---------+-------
      Total |       7 |       0 |   0.0 |       5 |       0 |   0.0
            +---------+---------+-------+---------+---------+-------
        D:1 |       7 |       0 |   0.0 |       5 |       0 |   0.0
            +---------+---------+-------+---------+---------+-------

Illustrated notes

Table legend:
 A = Kills in this place as a percentage of kills in entire the game.
 B = Kills by you in this place as a percentage of kills by you in the entire game.
 C = Kills by friends in this place as a percentage of kills by friends in the entire game.
 D = Other kills in this place as a percentage of other kills in the entire game.
 E = Experience gained in this place as a percentage of experience gained in the entire game.
 F = Experience gained in this place divided by the number of levels of this place that you have seen.
                   A       B       C       D       E      F
               +-------+-------+-------+-------+-------+----------------------
         Total | 100.0 | 100.0 | 100.0 |   N/A | 100.0 |   7.0
       Dungeon | 100.0 | 100.0 | 100.0 |   N/A | 100.0 |   7.0
               +-------+-------+-------+-------+-------+----------------------

Table legend: (Time is in decaauts)
 A = Elapsed time spent in this place.
 B = Non-inter-level travel time spent in this place.
 C = Inter-level travel time spent in this place.
 D = Time resting spent in this place.
 E = Time spent auto-exploring this place.
 F = Levels seen in this place.
 G = Mean time per level.
                   A        B        C        D        E       F      G
               +--------+--------+--------+--------+--------+-----+--------+
         Total |    384 |    384 |      0 |      0 |    308 |   1 |  384.0 |
       Dungeon |    384 |    384 |      0 |      0 |    308 |   1 |  384.0 |
               +--------+--------+--------+--------+--------+-----+--------+

Top non-repeatable levels by time:
     D:1: 384 daAuts
